SNL (28 & UNDER)
WICHITA WRANGLERS @ MONTGOMERY BISCUITS
08/07/2026
 
TOP OF THE 1ST
Wichita Wranglers batting - Pitching for Montgomery Biscuits : RHP Michael Young
Pitching: RHP Michael Young
Batting: RHB Desi Thompson 0-0: Foul Ball, location: 2F
0-1: Called Strike
0-2: Strikes out swinging
Batting: LHB José Hernández 0-0: Fly out, F5 (Popup, 5SF)
Batting: RHB Miguel Monteagudo 0-0: Foul Ball, location: 2F
0-1: Ball
1-1: Fly out, F7 (Flyball, 78S)
Top of the 1st over - 0 run(s), 0 hit(s), 0 error(s), 0 left on base; Wichita 0 - Montgomery 0
BOTTOM OF THE 1ST
Montgomery Biscuits batting - Pitching for Wichita Wranglers : RHP Dae-ho Kim
Pitching: RHP Dae-ho Kim
Batting: RHB Warren Martin 0-0: Called Strike
0-1: Swinging Strike
0-2: Strikes out swinging
Batting: SHB Jack Estes 0-0: Called Strike
0-1: Fly out, F7 (Flyball, 7LMF)
Batting: RHB Yujiro Kurihara 0-0: Called Strike
0-1: Ball
1-1: Called Strike
1-2: Strikes out swinging
Bottom of the 1st over - 0 run(s), 0 hit(s), 0 error(s), 0 left on base; Wichita 0 - Montgomery 0
TOP OF THE 2ND
Wichita Wranglers batting - Pitching for Montgomery Biscuits : RHP Michael Young
Batting: SHB Javier Peña 0-0: Ball
1-0: Ball
2-0: Called Strike
2-1: Called Strike
2-2: Foul Ball, location: 2F
2-2: Foul Ball, location: 2F
2-2: Fly out, F7 (Flyball, 7D)
Batting: LHB Alfredo Sánchez 0-0: Ball
1-0: Foul Ball, location: 2F
1-1: Ground out 3-1 (Groundball, 3L)
Batting: SHB Giancarlo Giannini 0-0: Called Strike
0-1: Ball
1-1: Called Strike
1-2: Foul Ball, location: 2F
1-2: Foul Ball, location: 2F
1-2: Strikes out swinging
Top of the 2nd over - 0 run(s), 0 hit(s), 0 error(s), 0 left on base; Wichita 0 - Montgomery 0
BOTTOM OF THE 2ND
Montgomery Biscuits batting - Pitching for Wichita Wranglers : RHP Dae-ho Kim
Batting: RHB Pete Smith 0-0: Called Strike
0-1: Ball
1-1: Ball
2-1: SOLO HOME RUN (Flyball, 7LD), Distance : 348 ft
Batting: RHB Juan Díaz 0-0: Ball
1-0: Swinging Strike
1-1: Foul Ball, location: 2F
1-2: Strikes out swinging
Batting: RHB Carlos Vásquez 0-0: Ball
1-0: Called Strike
1-1: Foul Ball, location: 2F
1-2: Strikes out swinging
Batting: RHB Rusty Downy 0-0: Called Strike
0-1: Ground out 4-3 (Groundball, 4M)
Bottom of the 2nd over - 1 run(s), 1 hit(s), 0 error(s), 0 left on base; Wichita 0 - Montgomery 1
TOP OF THE 3RD
Wichita Wranglers batting - Pitching for Montgomery Biscuits : RHP Michael Young
Batting: RHB Dave Henderson 0-0: Fly out, F9 (Flyball, 9M)
Batting: LHB Aurelio Torrez SINGLE, but batter called out on appeal for missing first base!
Batting: RHB James Stevens 0-0: Ball
1-0: Ball
2-0: Called Strike
2-1: Ground out 4-3 (Groundball, 4)
Top of the 3rd over - 0 run(s), 0 hit(s), 0 error(s), 0 left on base; Wichita 0 - Montgomery 1
BOTTOM OF THE 3RD
Montgomery Biscuits batting - Pitching for Wichita Wranglers : RHP Dae-ho Kim
Batting: LHB Brian MacIntosh 0-0: Called Strike
0-1: Swinging Strike
0-2: Ball
1-2: Ball
2-2: Ball
3-2: Foul Ball, location: 2F
3-2: Strikes out swinging
Batting: RHB Roy Ayers 0-0: Swinging Strike
0-1: Swinging Strike
0-2: Ball
1-2: Ball
2-2: Ball
3-2: Strikes out swinging
Batting: RHB Warren Martin 0-0: Foul Ball, location: 2F
0-1: Ball
1-1: Ball
2-1: Foul Ball, location: 2F
2-2: Ground out 5-3 (Groundball, 56)
Bottom of the 3rd over - 0 run(s), 0 hit(s), 0 error(s), 0 left on base; Wichita 0 - Montgomery 1
TOP OF THE 4TH
Wichita Wranglers batting - Pitching for Montgomery Biscuits : RHP Michael Young
Batting: RHB Desi Thompson 0-0: Ball
1-0: Ball
2-0: Foul Ball, location: 2F
2-1: Foul Ball, location: 2F
2-2: Foul Ball, location: 2F
2-2: Foul Ball, location: 2F
2-2: Ball
3-2: Strikes out looking
Batting: LHB José Hernández 0-0: Ball
1-0: Called Strike
1-1: Ball
2-1: Foul Ball, location: 2F
2-2: Ball
3-2: Strikes out swinging
Batting: RHB Miguel Monteagudo 0-0: Ball
1-0: Foul Ball, location: 2F
1-1: Ground out 4-3 (Groundball, 4)
Top of the 4th over - 0 run(s), 0 hit(s), 0 error(s), 0 left on base; Wichita 0 - Montgomery 1
BOTTOM OF THE 4TH
Montgomery Biscuits batting - Pitching for Wichita Wranglers : RHP Dae-ho Kim
Batting: SHB Jack Estes 0-0: Called Strike
0-1: Ball
1-1: Foul Ball, location: 2F
1-2: Strikes out swinging
Batting: RHB Yujiro Kurihara 0-0: Ball
1-0: Ball
2-0: Called Strike
2-1: Foul Ball, location: 2F
2-2: Ball
3-2: SOLO HOME RUN (Flyball, 9D), Distance : 375 ft
Batting: RHB Pete Smith 0-0: Ball
1-0: Called Strike
1-1: Foul Ball, location: 2F
1-2: Fly out, F8 (Flyball, 78XD)
Batting: RHB Juan Díaz 0-0: Called Strike
0-1: Ball
1-1: Swinging Strike
1-2: Ball
2-2: Strikes out swinging
Bottom of the 4th over - 1 run(s), 1 hit(s), 0 error(s), 0 left on base; Wichita 0 - Montgomery 2
TOP OF THE 5TH
Wichita Wranglers batting - Pitching for Montgomery Biscuits : RHP Michael Young
Batting: SHB Javier Peña 0-0: Ball
1-0: Swinging Strike
1-1: Foul Ball, location: 2F
1-2: Ball
2-2: Ball
3-2: Base on Balls
Batting: LHB Alfredo Sánchez 0-0: Ball
1-0: Ball
2-0: SINGLE (Groundball, 34D) (infield hit)
Javier Peña to second
Batting: SHB Giancarlo Giannini 0-0: Ball
1-0: Grounds into double play, U6-3 (Groundball, 6)
Javier Peña to third
Batting: RHB Dave Henderson 0-0: Foul Ball, location: 2F
0-1: Called Strike
0-2: Ball
1-2: Strikes out swinging
Top of the 5th over - 0 run(s), 1 hit(s), 0 error(s), 1 left on base; Wichita 0 - Montgomery 2
BOTTOM OF THE 5TH
Montgomery Biscuits batting - Pitching for Wichita Wranglers : RHP Dae-ho Kim
Batting: RHB Carlos Vásquez 0-0: Ball
1-0: Foul Ball, location: 2F
1-1: SINGLE (Line Drive, 56)
Batting: RHB Rusty Downy 0-0: Called Strike
0-1: Ball
1-1: Ball
2-1: Foul Ball, location: 2F
2-2: Ball
3-2: Foul Ball, location: 2F
3-2: SINGLE (Groundball, 56)
Carlos Vásquez to second
Pitching: LHP Tony Rivera
Batting: LHB Brian MacIntosh 0-0: Fly out, F8 (Flyball, 8LXD)
Runner from 2nd tags up, SAFE at 3rd, no throw
Batting: RHB Roy Ayers 0-0: Ball
1-0: Called Strike
1-1: Ball
2-1: Fly out, F6 (Line Drive, 6)
Batting: RHB Warren Martin 0-0: Called Strike
0-1: Swinging Strike
0-2: Strikes out swinging
Bottom of the 5th over - 0 run(s), 2 hit(s), 0 error(s), 2 left on base; Wichita 0 - Montgomery 2
TOP OF THE 6TH
Wichita Wranglers batting - Pitching for Montgomery Biscuits : RHP Michael Young
Batting: LHB Aurelio Torrez 0-0: Foul Ball, location: 2F
0-1: Ball
1-1: Ground out 5-3 (Groundball, 56S)
Batting: RHB James Stevens 0-0: Called Strike
0-1: Ground out 4-3 (Groundball, 34)
Batting: RHB Desi Thompson 0-0: Swinging Strike
0-1: Ball
1-1: Foul Ball, location: 2F
1-2: Foul Ball, location: 2F
1-2: Ball
2-2: Strikes out swinging
Top of the 6th over - 0 run(s), 0 hit(s), 0 error(s), 0 left on base; Wichita 0 - Montgomery 2
BOTTOM OF THE 6TH
Montgomery Biscuits batting - Pitching for Wichita Wranglers : LHP Tony Rivera
Batting: SHB Jack Estes 0-0: Swinging Strike
0-1: Ball
1-1: Ball
2-1: Foul Ball, location: 2F
2-2: Foul Ball, location: 2F
2-2: Strikes out looking
Batting: RHB Yujiro Kurihara 0-0: Ball
1-0: Ball
2-0: Called Strike
2-1: Ball
3-1: Foul Ball, location: 2F
3-2: Foul Ball, location: 2F
3-2: Base on Balls
Batting: RHB Pete Smith 0-0: Called Strike
0-1: Foul Ball, location: 2F
0-2: Strikes out swinging
Batting: RHB Juan Díaz 0-0: Called Strike
0-1: Fly out, F4 (Popup, 4M)
Bottom of the 6th over - 0 run(s), 0 hit(s), 0 error(s), 1 left on base; Wichita 0 - Montgomery 2
TOP OF THE 7TH
Wichita Wranglers batting - Pitching for Montgomery Biscuits : RHP Michael Young
Batting: LHB José Hernández 0-0: Ball
1-0: Foul Ball, location: 2F
1-1: Ball
2-1: Foul Ball, location: 2F
2-2: Strikes out swinging
Batting: RHB Miguel Monteagudo 0-0: Swinging Strike
0-1: Ball
1-1: Swinging Strike
1-2: SINGLE (Groundball, 4D)
Batting: SHB Javier Peña 0-0: Called Strike
0-1: Ball
1-1: Ball
2-1: Called Strike
2-2: Ball
3-2: Fly out, F6 (Popup, 56D)
Batting: LHB Alfredo Sánchez 0-0: Ball
Miguel Monteagudo is caught stealing 2nd base
Top of the 7th over - 0 run(s), 1 hit(s), 0 error(s), 0 left on base; Wichita 0 - Montgomery 2
BOTTOM OF THE 7TH
Montgomery Biscuits batting - Pitching for Wichita Wranglers : LHP Tony Rivera
Pitching: LHP Fred Villa
Batting: RHB Carlos Vásquez 0-0: Called Strike
0-1: Ball
1-1: Swinging Strike
1-2: Foul Ball, location: 2F
1-2: Strikes out swinging
Batting: RHB Rusty Downy 0-0: Called Strike
0-1: Swinging Strike
0-2: Ball
1-2: Strikes out swinging
Batting: LHB Brian MacIntosh 0-0: Ball
1-0: Swinging Strike
1-1: Called Strike
1-2: Strikes out swinging
Bottom of the 7th over - 0 run(s), 0 hit(s), 0 error(s), 0 left on base; Wichita 0 - Montgomery 2
TOP OF THE 8TH
Wichita Wranglers batting - Pitching for Montgomery Biscuits : RHP Michael Young
Now in CF: Jerry Johnston
Batting: LHB Alfredo Sánchez 0-0: Called Strike
0-1: Swinging Strike
0-2: Strikes out looking
Batting: SHB Giancarlo Giannini 0-0: Ground out 4-3 (Groundball, 34)
Batting: RHB Dave Henderson 0-0: Ground out 1-3 (Groundball, 15)
Top of the 8th over - 0 run(s), 0 hit(s), 0 error(s), 0 left on base; Wichita 0 - Montgomery 2
BOTTOM OF THE 8TH
Montgomery Biscuits batting - Pitching for Wichita Wranglers : LHP Fred Villa
Batting: RHB Roy Ayers 0-0: Ball
1-0: Ball
2-0: Ball
3-0: Swinging Strike
3-1: Swinging Strike
3-2: Strikes out swinging
Batting: RHB Warren Martin 0-0: Ball
1-0: Ball
2-0: Fly out, F3 (Popup, 23F)
Batting: SHB Jack Estes 0-0: Called Strike
0-1: Ball
1-1: Ball
2-1: Foul Ball, location: 2F
2-2: Foul Ball, location: 2F
2-2: Foul Ball, location: 2F
2-2: Ball
3-2: Foul Ball, location: 2F
3-2: Base on Balls
Batting: RHB Yujiro Kurihara 0-0: Ball
1-0: Called Strike
1-1: Ball
2-1: Ball
3-1: Foul Ball, location: 2F
3-2: Base on Balls
Jack Estes to second
Batting: RHB Pete Smith 0-0: Called Strike
0-1: Foul Ball, location: 2F
0-2: Ball
1-2: Ball
2-2: Fly out, F6 (Line Drive, 6)
Bottom of the 8th over - 0 run(s), 0 hit(s), 0 error(s), 2 left on base; Wichita 0 - Montgomery 2
TOP OF THE 9TH
Wichita Wranglers batting - Pitching for Montgomery Biscuits : RHP Michael Young
Batting: LHB Aurelio Torrez 0-0: Called Strike
0-1: Ball
1-1: Called Strike
1-2: Fly out, F2 (Popup, 2LF)
Pitching: RHP Guillermo Lozano
Batting: RHB James Stevens 0-0: Ball
1-0: Ball
2-0: SINGLE (Line Drive, 3D)
Batting: RHB Desi Thompson 0-0: Ball
1-0: Foul Ball, location: 2F
1-1: Foul Ball, location: 2F
1-2: Strikes out swinging
Batting: LHB José Hernández 0-0: Ball
1-0: Ball
2-0: Called Strike
2-1: Ground out U3 (Groundball, 3L)
Top of the 9th over - 0 run(s), 1 hit(s), 0 error(s), 1 left on base; Wichita 0 - Montgomery 2
Monday, December 5th, 2016 - OOTP Baseball 17.12 Build 75